 Dungeon Crawl Stone Soup version 0.27-a0-1144-g0b7d3b79db (webtiles) character file.

Game seed: 17516094618746105541

6000 rageheart7 the Impaler (level 10, -1/83 HPs)
             Began as a Minotaur Abyssal Knight on May 11, 2021.
             Was a High Priest of Lugonu.
             Slain by a boulder beetle (15 damage)
             ... on level 10 of the Dungeon.
             The game lasted 00:14:34 (11742 turns).

rageheart7 the Impaler (Minotaur Abyssal Knight)   Turns: 11742, Time: 00:14:34

Health: -1/83      AC: 19    Str: 19    XL:     10   Next: 55%
Magic:  15/15      EV:  7    Int:  9    God:    Lugonu [*****.]
Gold:   589        SH:  5    Dex: 17    Spells: 9/9 levels left

rFire    . . .     SeeInvis .   v - +1 spear (protect)
rCold    . . .     Faith    .   (no shield)
rNeg     . . .     Spirit   .   i - +2 chain mail
rPois    .         Reflect  +   E - +1 hat
rElec    .         Harm     .   (no cloak)
rCorr    .         Rampage  .   (no gloves)
Will     .....                  (no boots)
Stlth    ..........             z - amulet of reflection
HPRegen  0.23/turn              a - +6 ring of dexterity
MPRegen  0.14/turn              k - +4 ring of slaying

@: under a protective aura
A: horns 2, retaliatory headbutt, frail 1, shaggy fur 1, evolution 1
a: Renounce Religion, Depart the Abyss, Bend Space, Banish, Corrupt, Enter the
Abyss


You were on level 10 of the Dungeon.
You worshipped Lugonu.
Lugonu was extremely pleased with you.
You visited 1 branch of the dungeon, and saw 10 of its levels.
You visited the Abyss 1 time.
You also visited: Sewer and Ossuary.

You collected 589 gold pieces.

Inventory:

Hand Weapons
 t - a +1 halberd
 v - a +1 spear of protection (weapon)
Missiles
 e - 2 throwing nets
 f - 4 curare-tipped darts
Armour
 i - a +2 chain mail (worn)
 E - a +1 hat (worn)
Jewellery
 a - a +6 ring of dexterity (left hand)
 j - a +6 ring of dexterity
 k - a +4 ring of slaying (right hand)
 z - an amulet of reflection (around neck)
Wands
 x - a wand of paralysis (14)
 C - a wand of iceblast (7)
Scrolls
 d - 3 scrolls of amnesia
 l - 4 scrolls of identify
 m - a scroll of fear
 n - 4 scrolls of teleportation
 o - 2 scrolls of blinking
 q - a scroll of fog
 s - a scroll of enchant weapon
 w - a scroll of silence
 y - a scroll of holy word
 A - a scroll of brand weapon
 D - a scroll of vulnerability {unknown}
Potions
 b - 2 potions of attraction
 c - 2 potions of haste
 g - 2 potions of might
 h - 4 potions of curing
 p - 2 potions of ambrosia
 r - a potion of resistance
 u - 2 potions of magic
 B - 2 potions of mutation


   Skills:
 - Level 10.0 Fighting
 * Level 16.1 Polearms
 - Level 2.4 Armour
 - Level 1.1 Dodging
 + Level 8.3 Invocations


You had 9 spell levels left.
You didn't know any spells.
Your spell library contained the following spells:

 Spells                   Type           Power      Damage    Failure   Level
 Magic Dart               Conj           0%         1d3       99%         1
 Searing Ray              Conj           0%         3d3       100%        2
 Dazzling Flash           Conj/Hex       0%         N/A       100%        3
 Fulminant Prism          Conj/Hex       0%         3d6       100%        4
 Iskenderun's Mystic Bla  Conj/Tloc      0%         2d3       100%        4


Dungeon Overview and Level Annotations

Branches:
Dungeon (10/15)            Temple (0/1) D:5           Sewer (visited)
Ossuary (visited)
   Lair: D:8-11         Orc: D:9-12

Altars:
Cheibriados
Gozag
Hepliaklqana
Makhleb
Okawaru
Vehumet
Yredelemnul


Innate Abilities, Weirdness & Mutations

You have a pair of horns on your head.
You reflexively headbutt those who attack you in melee.
You are frail. (-10% HP)
You are covered in fur. (AC +1)
You evolve.


Message History

You headbutt the boulder beetle, but do no damage.
The boulder beetle is severely wounded.
You hit the boulder beetle.
The boulder beetle is severely wounded.
You block the boulder beetle's attack.
You hit the boulder beetle but do no damage.
You headbutt the boulder beetle.
The boulder beetle is almost dead.
You hit the boulder beetle.
You headbutt the boulder beetle, but do no damage.
The boulder beetle is almost dead.
The boulder beetle bites you!
You are too injured to fight recklessly!
You are too injured to fight recklessly!
You are too injured to fight recklessly!
You are too injured to fight recklessly!
You are too injured to fight recklessly!
You are too injured to fight recklessly!
You are too injured to fight recklessly!
You are too injured to fight recklessly!
You are too injured to fight recklessly!
You are too injured to fight recklessly!
You are too injured to fight recklessly!
You are too injured to fight recklessly!
You are too injured to fight recklessly!
You are too injured to fight recklessly!
You are too injured to fight recklessly!
You are too injured to fight recklessly!
You hit the boulder beetle but do no damage.
The boulder beetle is almost dead.
You hit the boulder beetle but do no damage.
The boulder beetle is almost dead.
The boulder beetle bites you!
* * * LOW HITPOINT WARNING * * *
You hit the boulder beetle. You headbutt the boulder beetle.
The boulder beetle is almost dead.
You hit the boulder beetle but do no damage.
The boulder beetle is almost dead.
The boulder beetle bites you!
You die...

### #.# ## #######.##
.......^.# #######..#
##.### # ########....
... ............
.....###############.###
#./B@.............#
###################


You could see a boulder beetle.

Vanquished Creatures
  Pikel (D:5)
  A troll (D:10)
  A hornet (D:10)
  A wraith (D:10)
  5 yaks (D:9)
  2 water moccasins
  2 orc warriors
  An ice beast (D:8)
  A black bear (D:5)
  3 ogres
  A necrophage (D:8)
  3 centaurs
  2 lemures (D:5)
  3 kobold brigands
  2 gnoll sergeants (D:9)
  A bullfrog (D:9)
  2 scorpions
  A wyvern zombie (D:8)
  5 water moccasin zombies (Ossuary)
  9 killer bees
  7 wights
  A howler monkey (D:4)
  7 electric eels (D:9)
  5 centaur zombies
  A bullfrog zombie (D:5)
  2 gnoll shamans
  3 orc priests (D:9)
  3 hounds
  A bullfrog skeleton (D:6)
  2 iguanas (D:6)
  An orc wizard (D:4)
  A killer bee zombie (D:8)
  2 mummies (Ossuary)
  2 howler monkey zombies
  14 gnolls
  A howler monkey skeleton (D:7)
  6 adders
  2 river rats (Sewer)
  A shadow imp (D:8)
  3 ufetubi
  A worm (D:2)
  3 adder zombies (Ossuary)
  2 dart slugs
  20 orcs
  3 bats
  4 endoplasms
  A giant cockroach (D:5)
  7 goblins
  9 hobgoblins
  2 jackals (D:3)
  3 quokkas
  8 ball pythons
  9 frilled lizards
  4 gnoll zombies (Ossuary)
  6 hobgoblin zombies (Ossuary)
  20 kobolds
  5 kobold zombies (Ossuary)
  2 orc zombies (Ossuary)
  16 rats
  A spectral hobgoblin (D:6)
238 creatures vanquished.

Vanquished Creatures (others)
  17 plants (D:9)
17 creatures vanquished.

Grand Total: 255 creatures vanquished

Notes
Turn   | Place    | Note
-------+----------+-------------------------------------------
     0 | Abyss:1  | rageheart7 the Minotaur Abyssal Knight began the quest for
                  | the Orb.
     0 | Abyss:1  | Reached XP level 1. HP: 19/19 MP: 1/1
     0 | D:1      | Escaped the Abyss
   416 | D:1      | Reached * piety under Lugonu
   420 | D:1      | Found a faded altar of an unknown god.
   443 | D:1      | Reached XP level 2. HP: 27/27 MP: 2/2
   453 | D:1      | Reached skill level 3 in Polearms
   488 | D:1      | Reached XP level 3. HP: 20/33 MP: 3/3
  1227 | D:2      | Reached XP level 4. HP: 18/41 MP: 4/4
  2058 | D:3      | Reached skill level 4 in Polearms
  2519 | D:3      | Reached skill level 5 in Fighting
  2831 | D:4      | Reached XP level 5. HP: 46/48 MP: 6/6
  2967 | D:4      | Reached ** piety under Lugonu
  3148 | D:4      | Noticed a centaur
  3149 | D:4      | Noticed a centaur
  3158 | D:4      | Killed a centaur
  3159 | D:4      | Reached skill level 5 in Polearms
  3159 | D:4      | Reached XP level 6. HP: 27/57 MP: 7/7
  3482 | D:4      | Reached skill level 6 in Polearms
  3777 | D:5      | Entered Level 5 of the Dungeon
  3827 | D:5      | Reached XP level 7. HP: 58/64 MP: 8/8
  3856 | D:5      | Found a glowing drain.
  3866 | Sewer    | Entered a sewer
  4282 | D:5      | Noticed Pikel
  4306 | D:5      | Killed Pikel
  4306 | D:5      | Reached *** piety under Lugonu
  4307 | D:5      | Reached skill level 8 in Polearms
  4307 | D:5      | Reached XP level 8. HP: 74/74 MP: 8/10
  4307 | D:5      | Found a sand-covered staircase.
  4311 | Ossuary  | Entered an ossuary
  4456 | Ossuary  | Reached skill level 9 in Polearms
  4627 | Ossuary  | Reached skill level 10 in Polearms
  4894 | D:5      | Found a staircase to the Ecumenical Temple.
  5119 | D:5      | Reached skill level 5 in Invocations
  5249 | D:5      | Found an iron altar of Okawaru.
  5659 | D:6      | Reached skill level 11 in Polearms
  5687 | D:6      | Found a hazy altar of Hepliaklqana.
  5909 | D:6      | Reached XP level 9. HP: 72/85 MP: 12/12
  6235 | D:6      | Gained mutation: You are dopey. (Int -2) [potion of
                  | mutation]
  6420 | D:7      | Reached **** piety under Lugonu
  6552 | D:7      | Reached skill level 10 in Fighting
  6699 | D:7      | Reached skill level 12 in Polearms
  7561 | D:8      | Lost mutation: You are dopey. (Int -2) [potion of mutation]
  7561 | D:8      | Gained mutation: You are frail. (-10% HP) [potion of
                  | mutation]
  7561 | D:8      | Gained mutation: You evolve. [potion of mutation]
  7902 | D:8      | Reached skill level 13 in Polearms
  8029 | D:8      | Gained mutation: You are covered in fur. (AC +1)
                  | [evolution]
  8084 | D:8      | Found a basalt altar of Yredelemnul.
  9148 | D:9      | Reached skill level 14 in Polearms
  9237 | D:9      | Reached ***** piety under Lugonu
  9946 | D:9      | Reached skill level 15 in Polearms
 10065 | D:9      | Reached XP level 10. HP: 83/83 MP: 14/14
 10937 | D:10     | Entered Level 10 of the Dungeon
 11477 | D:10     | Found a radiant altar of Vehumet.
 11477 | D:10     | Found a burning altar of Makhleb.
 11485 | D:10     | Found a faded altar of an unknown god.
 11487 | D:10     | Found an opulent altar of Gozag.
 11489 | D:10     | Found a snail-covered altar of Cheibriados.
 11622 | D:10     | Reached skill level 16 in Polearms
 11718 | D:10     | Noticed a boulder beetle
 11742 | D:10     | Slain by a boulder beetle

Illustrated notes

Levels and vault maps discovered:
D:1:      lightli_iron_boxes, layout_basic,
          shapermc_ecumenical_altar_mp_highgroup, minmay_tromino_v4_a
D:2:      layout_loops_ring, minmay_pentomino_pile
D:3:      layout_loops_ring, patterned_corridor
D:4:      layout_basic, minmay_manual_mares
D:5:      layout_basic, kennysheep_little_box,
          minmay_temple_entry_statues_fountains, nicolae_ossuary_entry_plus,
          portal_sewer_entry_b, chequers_jeans, uniq_pikel
D:6:      layout_basic, nicolae_hepliaklqana_monster_ancestors
D:7:      layout_loops_ring, minivault_23
D:8:      layout_layer_cave, lemuel_zombie_altar_yredelemnul
D:9:      layout_rooms, serial_bayou_lagoon_b
D:10:     layout_rooms, chequers_temple_overflow_minitemple

Skill      XL: |  1  2  3  4  5  6  7  8  9 10 |
---------------+-------------------------------+-----
Invocations    | 2 3 4 5 7 8 |  8.3
Fighting       | 4 5 6 8 9 10 | 10.0
Polearms       | 3 4 5 6 8 11 15 16 | 16.1
Armour         | |  2.4
Dodging        | |  1.1

Action                   |  1- 3 |  4- 6 |  7- 9 | 10-12 || total
-------------------------+-------+-------+-------+-------++-------
Melee: Spear             |    98 |   143 |   548 |   133 ||   922
       Headbutt          |     9 |    28 |   105 |    38 ||   180
Invok: Depart the Abyss  |     1 |       |       |       ||     1
  Use: Scroll            |       |    10 |     8 |     1 ||    19
       Potion            |       |     2 |    13 |     1 ||    16
 Stab: Distracted        |       |       |     1 |       ||     1
Armor: Leather armour    |    12 |       |       |       ||    12
       Chain mail        |    12 |    51 |   125 |    33 ||   221
Dodge: Dodged            |    35 |    28 |    94 |    19 ||   176
Block: Other             |       |       |    22 |    21 ||    43
       Reflection        |       |       |     3 |       ||     3

Table legend: (Time is in decaauts)
 A = Elapsed time spent in this place.
 B = Non-inter-level travel time spent in this place.
 C = Inter-level travel time spent in this place.
 D = Time resting spent in this place.
 E = Time spent auto-exploring this place.
 F = Levels seen in this place.
 G = Mean time per level.
                   A        B        C        D        E       F      G
               +--------+--------+--------+--------+--------+-----+--------+
         Total |  11445 |  11125 |    320 |    561 |   8993 |  13 |  880.4 |
       Dungeon |  10736 |  10416 |    320 |    561 |   8525 |  10 | 1073.6 |
         Abyss |      0 |      0 |      0 |      0 |      0 |   1 |    0.0 |
         Sewer |    404 |    404 |      0 |      0 |    276 |   1 |  404.0 |
       Ossuary |    304 |    304 |      0 |      0 |    191 |   1 |  304.0 |
               +--------+--------+--------+--------+--------+-----+--------+

Top non-repeatable levels by time:
     D:9: 2052 daAuts
     D:8: 1798 daAuts
     D:1: 1003 daAuts
     D:5: 996 daAuts
     D:2: 966 daAuts
     D:4: 934 daAuts
     D:7: 891 daAuts
     D:3: 833 daAuts
     D:6: 699 daAuts
    D:10: 560 daAuts
   Sewer: 404 daAuts
 Ossuary: 304 daAuts
